NYP
WILLIAMSPORT CROSSCUTTERS @ AUBURN DOUBLEDAYS
06/25/2048
 
TOP OF THE 1ST
Williamsport Crosscutters batting - Pitching for Auburn Doubledays : RHP Chris Mosley
Pitching: RHP Chris Mosley
Batting: RHB Xavier Castellanos 0-0: Ball
1-0: Ball
2-0: Foul Ball, location: 2F
2-1: Ball
3-1: Foul Ball, location: 2F
3-2: Base on Balls
Batting: RHB Jason Ostrom 0-0: Ball
1-0: Grounds out, U3 (Groundball, 3L, EV 82.5 MPH)
Batting: RHB John Manocchio 0-0: Called Strike
0-1: Ground out U3 (Groundball, 34S, EV 88.8 MPH)
Xavier Castellanos to third
Batting: RHB John Parra 0-0: Ball
1-0: Foul Ball, location: 2F
1-1: Ball
2-1: Ball
3-1: Base on Balls
Batting: LHB Chris Moody 0-0: Ball
1-0: Foul Ball, location: 2F
1-1: Called Strike
John Parra steals 2nd base
1-2: Ball
2-2: Strikes out swinging
Top of the 1st over - 0 runs, 0 hits, 0 errors, 2 left on base; Williamsport 0 - Auburn 0
BOTTOM OF THE 1ST
Auburn Doubledays batting - Pitching for Williamsport Crosscutters : RHP Carlos Palacios
Pitching: RHP Carlos Palacios
Batting: RHB Bobby Bricker 0-0: Ball
1-0: Ball
2-0: Called Strike
2-1: Foul Ball, location: 2F
2-2: Ball
3-2: Base on Balls
Batting: RHB Nick Moreno 0-0: Ball
1-0: Ball
2-0: Called Strike
Bobby Bricker is caught stealing 2nd base 2-4
2-1: Swinging Strike
2-2: Strikes out swinging
Batting: RHB Deshawn Boseman 0-0: Called Strike
0-1: Ball
1-1: Foul Ball, location: 2F
1-2: Ground out 6-3 (Groundball, 6S, EV 79.4 MPH)
Bottom of the 1st over - 0 runs, 0 hits, 0 errors, 0 left on base; Williamsport 0 - Auburn 0
TOP OF THE 2ND
Williamsport Crosscutters batting - Pitching for Auburn Doubledays : RHP Chris Mosley
Batting: RHB Shintaro Katsumata 0-0: SINGLE (Groundball, 6MD, EV 99.4 MPH)
Batting: RHB Jose Nunez 0-0: Ball
1-0: Called Strike
1-1: Swinging Strike
1-2: Ball
2-2: Ball
Shintaro Katsumata steals 2nd base
3-2: Strikes out swinging
Batting: RHB Nick Cottrell 0-0: Swinging Strike
0-1: Foul Ball, location: 2F
0-2: DOUBLE (Line Drive, 7LM, EV 103.8 MPH)
Shintaro Katsumata scores
Batting: RHB Micah McErlean 0-0: Swinging Strike
0-1: Ball
Passed Ball!
Nick Cottrell to third
1-1: Called Strike
1-2: Foul Ball, location: 2F
1-2: Ball
2-2: Ball
3-2: Strikes out swinging
Batting: RHB Xavier Castellanos 0-0: Called Strike
0-1: Ball
1-1: SINGLE (Groundball, 5D, EV 101.2 MPH)
Nick Cottrell scores
Batting: RHB Jason Ostrom 0-0: Foul Ball, location: 2F
0-1: Foul Ball, location: 2F
0-2: Hit by Pitch
Xavier Castellanos to second
Batting: RHB John Manocchio 0-0: Ball
1-0: Called Strike
1-1: Ball
2-1: Called Strike
2-2: Strikes out swinging
Top of the 2nd over - 2 runs, 3 hits, 0 errors, 2 left on base; Williamsport 2 - Auburn 0
BOTTOM OF THE 2ND
Auburn Doubledays batting - Pitching for Williamsport Crosscutters : RHP Carlos Palacios
Batting: RHB Steve Bauman 0-0: Ball
1-0: Ball
2-0: Called Strike
2-1: Called Strike
2-2: Ground out 6-3 (Groundball, 6, EV 81.9 MPH)
Batting: RHB Antonio Vallez 0-0: Called Strike
0-1: Ball
1-1: Swinging Strike
1-2: Ball
2-2: Foul Ball, location: 2F
2-2: Strikes out swinging
Batting: RHB Jim Towle 0-0: Called Strike
0-1: Ball
1-1: Called Strike
1-2: Ball
2-2: Strikes out swinging
Bottom of the 2nd over - 0 runs, 0 hits, 0 errors, 0 left on base; Williamsport 2 - Auburn 0
TOP OF THE 3RD
Williamsport Crosscutters batting - Pitching for Auburn Doubledays : RHP Chris Mosley
Batting: RHB John Parra 0-0: Foul Ball, location: 2F
0-1: Foul Ball, location: 2F
0-2: Strikes out looking
Batting: LHB Chris Moody 0-0: Ball
1-0: Called Strike
1-1: Foul Ball, location: 2F
1-2: Ball
2-2: Ground out 4-3 (Groundball, 4, EV 93.8 MPH)
Batting: RHB Shintaro Katsumata 0-0: Ball
1-0: Called Strike
1-1: Called Strike
1-2: Strikes out looking
Top of the 3rd over - 0 runs, 0 hits, 0 errors, 0 left on base; Williamsport 2 - Auburn 0
BOTTOM OF THE 3RD
Auburn Doubledays batting - Pitching for Williamsport Crosscutters : RHP Carlos Palacios
Batting: LHB Bobby Adams 0-0: Called Strike
0-1: Ground out 4-3 (Groundball, 4, EV 85.0 MPH)
Batting: RHB Jelexiz Cuenca 0-0: Foul Ball, location: 2F
0-1: Called Strike
0-2: Ground out 5-3 (Groundball, 56, EV 105.6 MPH)
Batting: RHB Jessie Fisher 0-0: Ball
1-0: Ball
2-0: Ground out U3 (Groundball, 3S, EV 80.0 MPH)
Bottom of the 3rd over - 0 runs, 0 hits, 0 errors, 0 left on base; Williamsport 2 - Auburn 0
TOP OF THE 4TH
Williamsport Crosscutters batting - Pitching for Auburn Doubledays : RHP Chris Mosley
Batting: RHB Jose Nunez 0-0: Ball
1-0: Ball
2-0: Called Strike
2-1: Foul Ball, location: 2F
2-2: Strikes out looking
Batting: RHB Nick Cottrell 0-0: Foul Ball, location: 2F
0-1: Swinging Strike
0-2: Ball
1-2: Strikes out swinging
Batting: RHB Micah McErlean 0-0: Ball
1-0: Swinging Strike
1-1: Fly out, F9 (Flyball, 9LD, EV 104.4 MPH)
Top of the 4th over - 0 runs, 0 hits, 0 errors, 0 left on base; Williamsport 2 - Auburn 0
BOTTOM OF THE 4TH
Auburn Doubledays batting - Pitching for Williamsport Crosscutters : RHP Carlos Palacios
Batting: RHB Bobby Bricker 0-0: Ball
1-0: Called Strike
1-1: Ball
2-1: Ball
3-1: Base on Balls
Batting: RHB Nick Moreno 0-0: Called Strike
0-1: Swinging Strike
0-2: Strikes out swinging
Batting: RHB Deshawn Boseman 0-0: Ball
1-0: Foul Ball, location: 2F
1-1: Swinging Strike
1-2: Ball
2-2: Strikes out looking
Bobby Bricker is caught stealing 2nd base 2-4
Batter strikes out.
Bottom of the 4th over - 0 runs, 0 hits, 0 errors, 0 left on base; Williamsport 2 - Auburn 0
TOP OF THE 5TH
Williamsport Crosscutters batting - Pitching for Auburn Doubledays : RHP Chris Mosley
Batting: RHB Xavier Castellanos 0-0: Called Strike
0-1: Ball
1-1: Ground out 6-3 (Groundball, 6, EV 83.8 MPH)
Batting: RHB Jason Ostrom 0-0: Ball
1-0: Swinging Strike
1-1: Ball
2-1: Ball
3-1: Called Strike
3-2: Fly out, F9 (Line Drive, 9, EV 90.6 MPH)
Batting: RHB John Manocchio 0-0: Ball
1-0: Foul Ball, location: 2F
1-1: Foul Ball, location: 2F
1-2: SINGLE (Line Drive, 4MD, EV 99.4 MPH)
Pitching: RHP Josh Jenkins
Batting: RHB John Parra 0-0: Called Strike
0-1: Called Strike
0-2: Strikes out looking
Top of the 5th over - 0 runs, 1 hit, 0 errors, 1 left on base; Williamsport 2 - Auburn 0
BOTTOM OF THE 5TH
Auburn Doubledays batting - Pitching for Williamsport Crosscutters : RHP Carlos Palacios
Batting: RHB Steve Bauman 0-0: Ball
1-0: Ball
2-0: Ball
3-0: Base on Balls
Batting: RHB Antonio Vallez 0-0: Called Strike
0-1: Ball
1-1: Grounds out, U3 (Groundball, 3L, EV 108.1 MPH)
Batting: RHB Jim Towle 0-0: Ball
1-0: Ball
2-0: Ground out 6-3 (Groundball, 6, EV 85.6 MPH)
Batting: LHB Bobby Adams 0-0: Ball
1-0: Ball
2-0: Ball
3-0: Called Strike
3-1: Swinging Strike
3-2: Strikes out swinging
Bottom of the 5th over - 0 runs, 0 hits, 0 errors, 1 left on base; Williamsport 2 - Auburn 0
TOP OF THE 6TH
Williamsport Crosscutters batting - Pitching for Auburn Doubledays : RHP Josh Jenkins
Batting: LHB Chris Moody 0-0: Ball
1-0: Ball
2-0: Called Strike
2-1: Ball
3-1: Base on Balls
Batting: RHB Shintaro Katsumata 0-0: Called Strike
0-1: Ball
1-1: Called Strike
1-2: Ball
Wild Pitch!
Chris Moody to second
2-2: Fly out, F9 (Flyball, 9, EV 88.8 MPH)
Batting: RHB Jose Nunez 0-0: SINGLE (Groundball, 34D, EV 100.6 MPH)
Chris Moody to third
Runner from 3rd tries for Home, SAFE, throw by RF to home
Batting: RHB Nick Cottrell 0-0: Swinging Strike
0-1: Called Strike
0-2: Ground out 5-3 (Groundball, 5S, EV 67.5 MPH)
Jose Nunez to second
Batting: RHB Micah McErlean 0-0: Foul Ball, location: 2F
0-1: Swinging Strike
0-2: Strikes out looking
Top of the 6th over - 1 run, 1 hit, 0 errors, 1 left on base; Williamsport 3 - Auburn 0
BOTTOM OF THE 6TH
Auburn Doubledays batting - Pitching for Williamsport Crosscutters : RHP Carlos Palacios
Batting: RHB Jelexiz Cuenca 0-0: Foul Ball, location: 2F
0-1: Ball
1-1: Ball
2-1: Foul Ball, location: 2F
2-2: Strikes out looking
Batting: RHB Jessie Fisher 0-0: Foul Ball, location: 2F
0-1: Fly out, F7 (Flyball, 78S, EV 83.1 MPH)
Batting: RHB Bobby Bricker 0-0: Ball
1-0: Called Strike
1-1: Swinging Strike
1-2: DOUBLE (Line Drive, 5D, EV 95.6 MPH)
Batting: RHB Nick Moreno 0-0: Swinging Strike
0-1: Ball
1-1: Called Strike
1-2: Ball
2-2: Foul Ball, location: 2F
2-2: Foul Ball, location: 2F
2-2: Foul Ball, location: 2F
2-2: Reached on error, E5 (Groundball, 56S, EV 91.9 MPH)
Bobby Bricker scores
Batting: RHB Deshawn Boseman 0-0: Called Strike
0-1: Swinging Strike
0-2: Ball
1-2: Ball
2-2: Ball
3-2: Strikes out swinging
Bottom of the 6th over - 1 run, 1 hit, 1 error, 1 left on base; Williamsport 3 - Auburn 1
TOP OF THE 7TH
Williamsport Crosscutters batting - Pitching for Auburn Doubledays : RHP Josh Jenkins
Batting: RHB Xavier Castellanos 0-0: Called Strike
0-1: Foul Ball, location: 2F
0-2: Ball
1-2: Ball
2-2: Foul Ball, location: 2F
2-2: Ball
3-2: Foul Ball, location: 2F
3-2: Base on Balls
Batting: RHB Jason Ostrom 0-0: Ball
Xavier Castellanos is caught stealing 2nd base 2-4
1-0: Ball
2-0: Ball
3-0: Called Strike
3-1: DOUBLE (Flyball, 89D, EV 93.8 MPH)
Pitching: RHP Chris Doty
Batting: RHB John Manocchio 0-0: Ball
1-0: Called Strike
Jason Ostrom steals 3rd base
1-1: Ground out 1-3 (Groundball, 15S, EV 68.8 MPH)
Batting: RHB John Parra 0-0: Called Strike
0-1: Called Strike
0-2: Ball
1-2: Ball
2-2: Foul Ball, location: 2F
2-2: Strikes out swinging
Top of the 7th over - 0 runs, 1 hit, 0 errors, 1 left on base; Williamsport 3 - Auburn 1
BOTTOM OF THE 7TH
Auburn Doubledays batting - Pitching for Williamsport Crosscutters : RHP Carlos Palacios
Batting: RHB Steve Bauman 0-0: Called Strike
0-1: Ground out 5-3 (Groundball, 56, EV 82.5 MPH)
Batting: RHB Antonio Vallez 0-0: Foul Ball, location: 2F
0-1: Called Strike
0-2: Ball
1-2: Foul Ball, location: 2F
1-2: Foul Ball, location: 2F
1-2: Ground out 4-3 (Groundball, 4, EV 100.0 MPH)
Batting: RHB Jim Towle 0-0: Ball
1-0: Ball
2-0: Ball
3-0: Called Strike
3-1: Foul Ball, location: 2F
3-2: SINGLE (Groundball, 4D, EV 105.0 MPH)
Pitching: LHP Chad Mroczkowski
Batting: LHB Bobby Adams 0-0: Fielders Choice at 2nd, 6-4 (Groundball, 6, EV 87.5 MPH)
Bottom of the 7th over - 0 runs, 1 hit, 0 errors, 1 left on base; Williamsport 3 - Auburn 1
TOP OF THE 8TH
Williamsport Crosscutters batting - Pitching for Auburn Doubledays : RHP Chris Doty
Batting: LHB Chris Moody 0-0: Ball
1-0: Swinging Strike
1-1: Ball
2-1: Ground out U3 (Groundball, 34, EV 82.5 MPH)
Batting: RHB Shintaro Katsumata 0-0: Ball
1-0: Foul Ball, location: 2F
1-1: Ball
2-1: Swinging Strike
2-2: Strikes out swinging
Batting: RHB Jose Nunez 0-0: Called Strike
0-1: Fly out, F8 (Flyball, 8LXD, EV 99.4 MPH)
Top of the 8th over - 0 runs, 0 hits, 0 errors, 0 left on base; Williamsport 3 - Auburn 1
BOTTOM OF THE 8TH
Auburn Doubledays batting - Pitching for Williamsport Crosscutters : LHP Chad Mroczkowski
Pitching: RHP Lance Brisson
Batting: RHB Jelexiz Cuenca 0-0: Foul Ball, location: 2F
0-1: Ball
1-1: Ball
2-1: Ball
3-1: Foul Ball, location: 2F
3-2: SINGLE (Line Drive, 78S, EV 99.4 MPH)
Batting: RHB Jessie Fisher 0-0: Ball
1-0: Fielders Choice at 2nd, 1-4 (Groundball, P, EV 63.8 MPH)
Batting: RHB Bobby Bricker 0-0: Called Strike
0-1: Ball
1-1: Foul Ball, location: 2F
1-2: Foul Ball, location: 2F
1-2: Strikes out swinging
Batting: RHB Nick Moreno 0-0: Called Strike
0-1: Swinging Strike
0-2: Hit by Pitch
Jessie Fisher to second
Batting: RHB Deshawn Boseman 0-0: Called Strike
0-1: Ball
1-1: Ground out U3 (Groundball, 34S, EV 88.1 MPH)
Bottom of the 8th over - 0 runs, 1 hit, 0 errors, 2 left on base; Williamsport 3 - Auburn 1
TOP OF THE 9TH
Williamsport Crosscutters batting - Pitching for Auburn Doubledays : RHP Chris Doty
Pinch Hitting: SHB Art Kent 0-0: Ball
1-0: Ball
2-0: Ball
3-0: Called Strike
3-1: Foul Ball, location: 2F
3-2: SINGLE (Groundball, 4MD, EV 98.8 MPH)
Batting: RHB Micah McErlean 0-0: Sac Bunt to 13 - play at first, batter OUT! 1-3
Art Kent to second
Batting: RHB Xavier Castellanos 0-0: Foul Ball, location: 2F
0-1: Called Strike
0-2: Ball
1-2: Ground out 6-3 (Groundball, 6, EV 88.1 MPH)
Art Kent to third
Batting: RHB Jason Ostrom 0-0: Ground out 4-3 (Groundball, 4M, EV 97.5 MPH)
Top of the 9th over - 0 runs, 1 hit, 0 errors, 1 left on base; Williamsport 3 - Auburn 1
BOTTOM OF THE 9TH
Auburn Doubledays batting - Pitching for Williamsport Crosscutters : RHP Lance Brisson
Now at 1B: John Parra
Now at 2B: Nick Chandler
Now at SS: Leon Edwards
Batting: RHB Steve Bauman 0-0: Called Strike
0-1: Called Strike
0-2: Foul Ball, location: 2F
0-2: Fly out, F7 (Flyball, 7, EV 92.5 MPH)
Pinch Hitting: LHB Chance McWilliams 0-0: Ball
1-0: Ground out 6-3 (Groundball, 6, EV 91.9 MPH)
Batting: RHB Jim Towle 0-0: Swinging Strike
0-1: Foul Ball, location: 2F
0-2: Foul Ball, location: 2F
0-2: Ball
1-2: Ball
2-2: Ground out 4-3 (Groundball, 4S, EV 86.2 MPH)
Bottom of the 9th over - 0 runs, 0 hits, 0 errors, 0 left on base; Williamsport 3 - Auburn 1
Tuesday, March 28th , 2023 - OOTP Baseball 23.10 Build 110